 Dungeon Crawl Stone Soup version 0.27.1-37-g7b29ead8ac (webtiles) character file.

Game seed: 7888454852947469603

49 AarnesTheHuman the Magician (level 3, 0/39 HPs)
             Began as a Merfolk Transmuter on Aug 28, 2023.
             Succumbed to an adder's poison
             ... on level 2 of the Dungeon.
             The game lasted 00:03:01 (2709 turns).

AarnesTheHuman the Magician (Merfolk Transmuter)    Turns: 2709, Time: 00:03:01

Health: 0/39       AC: 21    Str: 10    XL:     3   Next: 77%
Magic:  8/8        EV:  2    Int: 13    God:
Gold:   102        SH:  0    Dex: 14    Spells: 6/9 levels left

rFire    . . .     SeeInvis .   a - +0 dagger
rCold    . . .     Faith    .   (no shield)
rNeg     + + +     Spirit   .   (armour currently unavailable)
rPois    +         Reflect  .   (helmet currently unavailable)
rElec    .         Harm     .   (cloak currently unavailable)
rCorr    .         Rampage  .   (gloves currently unavailable)
Will     .....     NoTele   +   (boots currently unavailable)
Stlth    ++........             (no amulet)
HPRegen  0.13/turn              (no ring)
MPRegen  0.11/turn              (no ring)

@: lethally poisoned (0 -> -2), tree-form
A: stationary, stasis, torment immunity, boosted hp, (nimble swimmer 2),
(mertail)
a: no special abilities


You were on level 2 of the Dungeon.
You were a tree.
You visited 1 branch of the dungeon, and saw 2 of its levels.

You collected 102 gold pieces.

Inventory:

Hand Weapons
 a - a +0 dagger (weapon)
 g - a +0 short sword
 i - a +0 club
Missiles
 b - 17 poisoned darts
 j - 28 stones
Armour
 d - a +0 robe (melded)
Jewellery
 e - a ring of ice
Scrolls
 f - 2 scrolls of identify
 h - a scroll of enchant weapon
Potions
 c - 2 potions of lignification


   Skills:
 - Level 1.1 Fighting
 - Level 2.6 Dodging
 - Level 1.0 Stealth
 - Level 3.2 Unarmed Combat
 + Level 3.5 Spellcasting
 - Level 3.0 Transmutations


You had 6 spell levels left.
You knew the following spells:

 Your Spells              Type           Power      Damage    Failure   Level
a - Beastly Appendage     Tmut           20%        N/A       6%          1
b - Wereblood             Tmut           10%        N/A       10%         2

Your spell library contained the following spells:

 Spells                   Type           Power      Damage    Failure   Level
 Spider Form              Tmut/Pois      3%         N/A       34%         3
 Ice Form                 Ice/Tmut       6%         N/A       75%         4


Dungeon Overview and Level Annotations

Branches:
Dungeon (2/15)

Altars:

Shops:
D:1 *(


Innate Abilities, Weirdness & Mutations

You are a tree.
Your roots penetrate the ground, keeping you stationary.
You cannot be teleported.
You are immune to unholy pain and torment.
Your maximum health is greatly increased.
Your equipment is partially melded.
((You are quick and stealthy near water. (Stealth+, EV+, Speed+++)))
((Your lower body shifts to a powerful aquatic tail in water.))


Message History

You closely miss the adder. Your headbutt misses the adder.
The adder is heavily wounded.
You feel sick. The adder bites you.
You closely miss the adder.
The adder is heavily wounded.
You feel sick. The adder bites you.
You barely miss the adder.
You headbutt the adder, but do no damage.
The adder is heavily wounded.
You feel sick. The adder bites you.
You barely miss the adder.
The adder is heavily wounded.
You feel sick.
You are no longer poisoned.
The adder barely misses you. x2
You closely miss the adder.
The adder is heavily wounded.
The adder bites you.
* * * LOW HITPOINT WARNING * * *
You are lethally poisoned!
The adder poisons you!
It was a potion of lignification.
Your horns disappear.
You turn into a tree.
Your +0 robe melds into your body.
Your roots penetrate the ground.
* * * LOW HITPOINT WARNING * * *
You feel sick. The adder bites you but does no damage.
You hit the adder.
The adder is severely wounded.
* * * LOW HITPOINT WARNING * * *
You feel sick.
The adder bites you but does no damage. x2
You closely miss the adder.
The adder is severely wounded.
* * * LOW HITPOINT WARNING * * *
You feel sick. The adder completely misses you.
Okay, then.
As you read the scroll labelled XOR XUMOYKOIK, it crumbles to dust.
It is a scroll of identify.
h - a scroll of enchant weapon You die...

#######+###
..........#
..........#
......S...# #♣#
#.#
#.################
#.................
##################


You could see an adder.

Vanquished Creatures
  An adder (D:2)
  3 worms (D:2)
  An endoplasm (D:1)
  2 giant cockroaches
  4 hobgoblins
  9 jackals
  A ball python (D:2)
  3 frilled lizards
  4 kobolds
  2 rats (D:1)
30 creatures vanquished.

Notes
Turn   | Place    | Note
-------+----------+-------------------------------------------
     0 | D:1      | AarnesTheHuman the Merfolk Transmuter began the quest for
                  | the Orb.
     0 | D:1      | Reached XP level 1. HP: 15/15 MP: 3/3
    72 | D:1      | Found Niest's Weapon Shoppe.
   279 | D:1      | Reached skill level 1 in Stealth
   279 | D:1      | Reached XP level 2. HP: 13/21 MP: 3/5
   720 | D:1      | Found Sewie's General Store.
  1318 | D:2      | Learned a level 2 spell: Wereblood
  1470 | D:2      | Reached XP level 3. HP: 9/26 MP: 2/7
  2708 | D:2      | HP: 1/39 [poisoned by an adder]
  2709 | D:2      | Succumbed to an adder's poison

Illustrated notes

Levels and vault maps discovered:
D:1:      saegor_arrival_simple_b, layout_basic, serial_shops, shop, shop
D:2:      layout_basic, hellmonk_ecumenical_altar_pennies_from_heaven

Skill      XL: |  1  2 |
---------------+-------+-----
Stealth        | 1 |  1.0
Transmutations | 3 |  3.0
Spellcasting   | 3 |  3.5
Fighting       | |  1.1
Dodging        | |  2.6
Unarmed Combat | |  3.2

Action                   || total
-------------------------++-------
Melee: Unarmed           ||    11
       Club              ||    26
       Headbutt          ||    23
       Dagger            ||   103
       Punch             ||     2
 Cast: Beastly Appendage ||    21
       Wereblood         ||     7
  Use: Scroll            ||     1
       Potion            ||     1
 Stab: Sleeping          ||     2
Armor: Robe              ||    13
       Skin              ||     3
Dodge: Dodged            ||    81
